 Dungeon Crawl Stone Soup version 0.22-a0-617-g6d95e9e (webtiles) character file.

215 Azzur the Skirmisher (level 5, -4/70 HPs)
             Began as a Minotaur Berserker on July 12, 2018.
             Was a Priest of Trog.
             Killed by divine providence
             ... invoked by an orc priest
              (8 damage)
             ... on level 3 of the Dungeon.
             The game lasted 00:10:50 (2345 turns).

Azzur the Skirmisher (Minotaur Berserker)           Turns: 2345, Time: 00:10:50

Health: -4/70      AC:  6    Str: 27    XL:     5   Next: 60%
Magic:  4/4        EV: 14    Int:  4    God:    Trog [***...]
Gold:   106        SH:  9    Dex: 10    Spells: 4/4 levels left

rFire    . . .     SeeInvis .   a - +0 falchion
rCold    . . .     Gourm    .   t - +0 shield
rNeg     . . .     Faith    .   f - +1 ring mail
rPois    .         Spirit   .   (helmet restricted)
rElec    .         Reflect  .   (no cloak)
rCorr    .         Harm     .   (no gloves)
MR       .....                  (no boots)
Stlth    ..........             (no amulet)
HPRegen  0.21/turn              x - +5 ring of evasion
MPRegen  0.09/turn              (no ring)

@: berserking, very quick
A: retaliatory headbutt, horns 2
a: Berserk, Trog's Hand, Renounce Religion


You were on level 3 of the Dungeon.
You worshipped Trog.
Trog was most pleased with you.
You were not hungry.

You visited 1 branch of the dungeon, and saw 3 of its levels.

You collected 106 gold pieces.

Inventory:

Hand Weapons
 a - a +0 falchion (weapon)
Missiles
 w - 3 steel tomahawks (quivered)
Armour
 b - a +0 animal skin
 f - a +1 ring mail (worn)
 t - a +0 shield (worn)
Jewellery
 x - a +5 ring of evasion (left hand)
Scrolls
 e - 2 scrolls of amnesia {unknown}
 g - 2 scrolls of fear
 h - 2 scrolls of teleportation {unknown}
 o - a scroll of magic mapping {unknown}
 p - a scroll of identify
 q - a scroll of blinking {unknown}
 u - a scroll of remove curse {unknown}
Potions
 d - a potion of might
 i - a potion of mutation {unknown}
 j - 2 potions of magic {unknown}
 k - a potion of curing {unknown}
 l - 2 potions of berserk rage
 m - a potion of heal wounds {unknown}
 n - 2 potions of flight {unknown}
 v - a potion of brilliance {unknown}
Comestibles
 c - 7 rations
 s - 2 chunks of flesh


   Skills:
 + Level 4.8 Fighting
 + Level 4.7 Long Blades
 + Level 3.9 Armour
 + Level 3.5 Dodging
 + Level 2.0 Shields


You had 4 spell levels left.
You didn't know any spells.
Your spell library was empty.

Dungeon Overview and Level Annotations

Branches:
Dungeon (3/15)

Altars:
Cheibriados


Innate Abilities, Weirdness & Mutations

You reflexively headbutt those who attack you in melee.
You have a pair of horns on your head.


Message History

You hit the orc priest. You headbutt the orc priest.
The orc priest is heavily wounded.
The orc priest closely misses you.
The orc priest invokes the aid of Beogh against you.
Beogh smites you!
* * * LOW HITPOINT WARNING * * *
It was a potion of berserk rage.
A red film seems to cover your vision as you go berserk!
You feel yourself moving faster!
You feel mighty! You block the orc priest's attack.
Unknown command.
You closely miss the orc priest. Your headbutt misses the orc priest.
The orc priest is heavily wounded.
The orc priest barely misses you.
You riposte.
You barely miss the orc priest.
The orc priest is heavily wounded.
You closely miss the orc priest.
The orc priest is heavily wounded.
The orc priest invokes the aid of Beogh against you.
Beogh smites you!
You die...

# #.# #.# #.# #
#.# .# #.# #.##
#.###...###
#o)........
#o#.......#
#@#.......#.#
#.#.......#.. ...
#.#.......#.# #.#
#.#.......#.# #.#
#.#o.ooo..#.# #.#
#.#.......#.# #.#
#.##.....##.# #.#
#.###soo###.####.#
#..#######....)...


You could see 2 orc priests.

Vanquished Creatures
  2 orc priests (D:3)
  Natasha (twice) (D:2)
  2 adders
  A worm (D:2)
  5 dart slugs
  8 orcs (D:3)
  3 giant cockroaches
  4 goblins
  5 hobgoblins
  7 jackals
  2 quokkas (D:3)
  8 bats
  3 frilled lizards
  13 kobolds
  A quokka skeleton (D:2)
  7 rats
73 creatures vanquished.

Notes
Turn   | Place    | Note
-------+----------+-------------------------------------------
     0 | D:1      | Azzur the Minotaur Berserker began the quest for the Orb.
     0 | D:1      | Reached XP level 1. HP: 19/19 MP: 0/0
   228 | D:1      | Reached XP level 2. HP: 23/27 MP: 1/1
   509 | D:2      | Found a snail-covered altar of Cheibriados.
   839 | D:2      | Reached XP level 3. HP: 33/33 MP: 2/2
   842 | D:2      | Reached ** piety under Trog
  1158 | D:2      | Found a faded altar of an unknown god.
  1251 | D:2      | Noticed Natasha
  1268 | D:2      | Killed Natasha
  1268 | D:2      | Reached XP level 4. HP: 21/40 MP: 3/3
  1496 | D:2      | Noticed Natasha
  1504 | D:2      | Killed Natasha
  1504 | D:2      | Reached skill level 1 in Shields
  1896 | D:3      | Reached XP level 5. HP: 27/47 MP: 4/4
  2262 | D:3      | Reached *** piety under Trog
  2342 | D:3      | HP: 2/47 [orc priest/divine providence (8)]
  2345 | D:3      | Killed from afar by an orc priest

Vault maps used:
D:1:      dpeg_arrival_ternary
D:2:      cheibriados_altar_1, chequers_ecumenical_altar_island,
          feat_on_display, uniq_natasha
D:3:      cheibrodos_pilgrimage

Skill      XL: |  1  2  3  4  5 |
---------------+----------------+-----
Fighting       | 4 |  4.8
Long Blades    | 4 |  4.7
Armour         | 3 |  3.9
Dodging        | 3 |  3.5
Shields        | 1 2 |  2.0

Action                   |  1- 3 |  4- 6 || total
-------------------------+-------+-------++-------
Melee: Falchion          |    83 |    97 ||   180
       Headbutt          |    12 |    21 ||    33
  Use: Scroll            |     2 |     2 ||     4
       Potion            |       |     1 ||     1
 Stab: Sleeping          |     1 |       ||     1
  Eat: Chunk             |     1 |     4 ||     5
Armor: Ring mail         |    30 |    21 ||    51
Dodge: Dodged            |    40 |    34 ||    74
Block: Shield            |     3 |    31 ||    34
       Rpst.: Falchion   |    11 |    11 ||    22

Table legend:
 A = Spawn XP
 B = Non-spawn XP
 C = Spawn XP percentage of total XP
 D = Spawn monster count
 E = Non-spawn monster count
 F = Spawn count percentage of total count
 G = Total turns spent on level
                    A         B        C        D         E        F      G
               +---------+---------+-------+---------+---------+-------+---------
         Total |       0 |     308 |   0.0 |       0 |      73 |   0.0 |  2345
               +---------+---------+-------+---------+---------+-------+---------
           D:1 |       0 |      25 |   0.0 |       0 |      16 |   0.0 |   507
           D:2 |       0 |     132 |   0.0 |       0 |      29 |   0.0 |  1287
           D:3 |       0 |     151 |   0.0 |       0 |      28 |   0.0 |   551
               +---------+---------+-------+---------+---------+-------+---------
